Cogmind - Beta 16 --- EXPLORER MODE // 2025.12.08 @ 09:41:33 Player: K.K.Y. Result: Destroyed by Y3-F0Z(R) with Subdweller Laser Performance ------------- Evolutions (0) 0 Regions Visited (3) 600 Robots Destroyed (15) 75 Value Destroyed (448) 448 Prototype IDs (0) 0 Alien Tech Used (0) 0 Bonus (30) 30 TOTAL SCORE: 1153 Bonus ------- Follower Combat Kills 30 Cogmind --------- Core Integrity 0/250 Matter 292/300 Energy 98/100 System Corruption 0% Temperature Cool (6) Movement Core (150) Ox2 Location -10/Subcaves Parts ------- > --- POWER (1) -------- (None) > --- PROPULSION (2) --- (None) > --- UTILITY (3) ------ Targeting Computer > --- WEAPON (2) ------- Subdweller Beam Cannon > --- INVENTORY (5) ---- Cargo Storage Unit Humpback Peak State ------------ > --- POWER ------------ Light Ion Engine > --- PROPULSION ------- Flight Unit Flight Unit > --- UTILITY ---------- Improved Terrain Scanner Targeting Computer > --- WEAPON ----------- Barrage Gun Heavy Battle Rifle > --- INVENTORY -------- Cargo Storage Unit Humpback Mining Laser [Rating: 14] Favorites ----------- Power Light Ion Engine Engine Light Ion Engine Propulsion Flight Unit Flight Unit Flight Unit Utility Targeting Computer Device Improved Terrain Scanner Storage Cargo Storage Unit Processor Targeting Computer Weapon Light Assault Rifle Energy Gun Small Laser Energy Cannon Subdweller Beam Cannon Ballistic Gun Light Assault Rifle Special Weapon Mining Laser Build | -11 -10 -10 -10 ------- Run | Yrd Mat Min Sub Slots Evolved 1 | . 1 . . Power . | . . . . Propulsion . | . . . . Utility 1 | . 1 . . Weapon . | . . . . Parts Attached 16 | 2 6 4 4 Power 1 | . . 1 . Engine 1 | . . 1 . Core . | . . . . Reactor . | . . . . Propulsion 2 | . . 2 . Treads . | . . . . Leg . | . . . . Wheel . | . . . . Hover . | . . . . Flight 2 | . . 2 . Utility 4 | 1 2 1 . Device 2 | . 1 1 . Storage 1 | . 1 . . Processor 1 | 1 . . . Hackware . | . . . . Protection . | . . . . Artifact . | . . . . Weapon 9 | 1 4 . 4 Energy Gun 3 | 1 2 . . Energy Cannon 1 | . . . 1 Ballistic Gun 4 | . 2 . 2 Ballistic Cannon . | . . . . Launcher . | . . . . Special Weapon 1 | . . . 1 Impact Weapon . | . . . . Slashing Weapon . | . . . . Piercing Weapon . | . . . . Special Melee Weapon . | . . . . Unidentified Prototypes . | . . . . Parts Lost 7 | . 1 . 6 Power 1 | . . . 1 Propulsion 2 | . . . 2 Utility 2 | . 1 . 1 Weapon 2 | . . . 2 Highest Loss Streak 3 | . 1 . 3 To Critical Strikes . | . . . . Average Backups 3 | 2 4 3 2 Power . | . 1 . . Propulsion . | . . . . Utility 1 | . 1 1 1 Weapon 1 | 1 1 1 . Tool/Special . | . . . . Unused Backups 2 | . 1 . 1 Power . | . . . . Propulsion . | . . . . Utility 2 | . 1 . 1 Weapon . | . . . . Tool/Special . | . . . . Average Slot Usage (%) 58 | . 30 68 59 Engine 3 | . . 2 8 Flight 16 | . . 23 14 Device 5 | . . 5 10 Processor 12 | . 12 12 12 Energy Gun 1 | . 10 . . Ballistic Gun 17 | . 7 25 11 Peak Build Rating 14 | 2 5 9 14 Average Rating 6 | . 2 6 9 On Entrance 3 | . 2 3 9 Avg Prop Armor Cover (%) . | . . . . Naked Turns . | . . . . Heaviest Build 8 | 1 3 6 8 Greatest Support 8 | 3 3 8 8 Greatest Overweight (x) 2 | . . . 2 Average Overweight (x) . | . . . . Largest Inventory Capacity 30 | 5 30 5 5 Average Capacity 5 | 5 5 5 5 Most Carried 5 | 4 5 5 5 Average Carried 4 | 2 4 4 4 Final Capacity 5 | 5 5 5 5 Final Carried 5 | 4 5 3 4 Class Distribution -------------------- 100% | Hacker-Mutant Dominant Class ---------------- Hacker-Mutant | -10/Materials Hacker-Mutant | -10/Mines Hacker-Mutant | -10/Subcaves Resources | -11 -10 -10 -10 ----------- Run | Yrd Mat Min Sub Matter Collected 448 | 220 61 48 119 Remotely . | . . . . Salvage Created 452 | 12 191 54 195 Parts 32 | 4 7 9 12 Haulers Intercepted . | . . . . Recyclers Shooed . | . . . . Parts Field Recycled . | . . . . Retrieved Matter . | . . . . Parts Self-Destructed . | . . . . Prevented . | . . . . Parts Restored . | . . . . Kills | -11 -10 -10 -10 ------- Run | Yrd Mat Min Sub Combat Hostiles Destroyed 14 | . 4 4 6 Guns 13 | . 4 4 5 Cannons 1 | . . . 1 Classes Destroyed 5 | 1 1 1 2 Tunneler 1 | 1 . . . Swarmer 4 | . . 4 . Grunt 5 | . 4 . 1 Sentry 1 | . . . 1 Subdweller 4 | . . . 4 Best Kill Streak 2 | 1 2 2 2 Combat Bots Only 2 | . 2 2 2 Max Kills in Single Turn 2 | 1 1 2 1 Gunslinging 1 | . . 1 . Exploded . | . . . . Melee . | . . . . Uniques/NPCs Destroyed . | . . . . Combat | -11 -10 -10 -10 -------- Run | Yrd Mat Min Sub Hostile Shots Fired 75 | . 25 8 42 Missed 15 | . 9 . 6 Hits 60 | . 16 8 36 Projectile 60 | . 16 8 36 Damage Taken 659 | . 173 40 446 Core 251 | . 94 4 153 Absorbed by Shields . | . . . . Ignored by Resistances 403 | . 109 27 267 Core Remaining (%) 100 | 100 . . . Volleys Fired 61 | 1 23 5 32 Largest 2 | 1 2 2 1 Hottest 100 | 40 90 40 100 Shots Fired 82 | 1 39 10 32 Gun 77 | 1 39 10 27 Cannon 3 | . . . 3 Launcher . | . . . . Special 2 | . . . 2 Kinetic 61 | . 24 10 27 Thermal 21 | 1 15 . 5 Explosive . | . . . . Electromagnetic . | . . . . Robot Hit Streak 35 | 1 11 7 35 Robot Miss Streak 1 | . 1 1 . Penetration Max . | . . . . Secondary Targets 2 | . 1 1 . Max Gunslinging Chain 1 | . 1 1 . Shots Hit Robots 73 | 1 31 9 32 Core Hits 26 | 1 13 4 8 Critical Kills . | . . . . Critical Parts Destroyed . | . . . . Critical Strikes . | . . . . Melee Attacks . | . . . . Impact . | . . . . Slashing . | . . . . Piercing . | . . . . Sneak Attacks . | . . . . Combat Hostiles . | . . . . Follow-up Attacks . | . . . . Damage Inflicted 1064 | 11 286 71 696 Guns 930 | 11 286 71 562 Cannons 85 | . . . 85 Explosions . | . . . . Melee . | . . . . Ramming 1 | . . . 1 Kinetic 779 | . 146 71 562 Thermal 284 | 11 140 . 133 Explosive . | . . . . Electromagnetic . | . . . . Impact . | . . . . Slashing . | . . . . Piercing . | . . . . Highest Corruption . | . . . . Average Corruption . | . . . . Corruption Purged . | . . . . Corruption Blocked . | . . . . Overload Shots . | . . . . Overflow Damage . | . . . . Projectiles . | . . . . Explosions . | . . . . Melee . | . . . . Knockbacks . | . . . . Impact . | . . . . Kinetic . | . . . . Secondary . | . . . . Self-Inflicted Damage . | . . . . Shots . | . . . . Rammed 1 | . . . 1 Targets Rammed 1 | . . . 1 Kicked . | . . . . Crushed . | . . . . Highest Temperature 81 | . 81 . 4 Average Temperature 25 | . 27 . 4 Received Heat Transfer 339 | . 126 . 213 Siege Activations . | . . . . Martial Activations . | . . . . Shielding Activations . | . . . . Robots Disrupted . | . . . . Combat Hostiles . | . . . . Robots Corrupted . | . . . . Combat Hostiles . | . . . . Parts Fried . | . . . . Impact Corruptions . | . . . . Robots Melted . | . . . . Combat Hostiles . | . . . . Parts Melted . | . . . . Heat Transferred 560 | 25 324 . 211 Parts Sabotaged . | . . . . Parts Stolen . | . . . . Parts Stripped . | . . . . Power Chain Reactions . | . . . . Alert | -11 -10 -10 -10 ------- Run | Yrd Mat Min Sub Maximum Alert Level . | . . . . Low Security (%) 100 | 100 100 100 . Level 1 . | . . . . Level 2 . | . . . . Level 3 . | . . . . Level 4 . | . . . . Level 5 . | . . . . High Security . | . . . . Max Security . | . . . . Peak Influence 55 | 5 51 55 . Initial 5 | . 2 5 . Average 6 | 1 13 4 . Influence Increases 246 | 5 101 100 40 Destroy 0b10 Robot/C 200 | . 80 80 40 Destroy 0b10 Robot/NC 5 | 5 . . . Destroy Leader 40 | . 20 20 . Destroy Structure 1 | . 1 . . Influence Decreases 246 | . 86 120 40 Entered New Map 18 | . 3 15 . Time Decay 228 | . 83 105 40 Squads Dispatched . | . . . . Investigation . | . . . . Extermination . | . . . . Reinforcement . | . . . . Assault . | . . . . Garrison . | . . . . Intercept . | . . . . Searches Triggered . | . . . . Construction Impeded . | . . . . Haulers Reinforced . | . . . . Active Scanning Responses . | . . . . Cargo Convoy Interrupts . | . . . . Stealth | -11 -10 -10 -10 --------- Run | Yrd Mat Min Sub Distress Signals 1 | . 1 . . Communications Jammed . | . . . . Distress Signals . | . . . . Times Spotted 17 | . 6 4 7 Peak Tracking Total 4 | . 4 2 2 Tactical Retreats . | . . . . Traps | -11 -10 -10 -10 ------- Run | Yrd Mat Min Sub Traps Triggered 1 | . 1 . . Indirectly . | . . . . Trap Hack Attempts . | . . . . Triggered . | . . . . Disarmed . | . . . . Reprogrammed . | . . . . Reused . | . . . . Traps Extracted . | . . . . Installed . | . . . . Triggered . | . . . . Machines | -11 -10 -10 -10 ---------- Run | Yrd Mat Min Sub Machines Disabled . | . . . . Max in Single Turn . | . . . . Machines Repaired . | . . . . Machines Dismantled . | . . . . Machines Sabotaged . | . . . . Overloaded Fab Kills . | . . . . Hacking | -11 -10 -10 -10 --------- Run | Yrd Mat Min Sub Machines Accessed 5 | . 3 . 2 Terminals 2 | . 2 . . Fabricators . | . . . . Repair Stations . | . . . . Recycling Units 1 | . 1 . . Scanalyzers . | . . . . Garrison Access . | . . . . Total Hacks 6 | . 3 . 3 Successful 6 | . 3 . 3 Failed . | . . . . Catastrophic . | . . . . Database Lockouts . | . . . . Manual . | . . . . Terminals 2 | . 2 . . Fabricators . | . . . . Repair Stations . | . . . . Recycling Units 1 | . 1 . . Scanalyzers . | . . . . Garrison Access . | . . . . Terminal Hacks 5 | . 2 . 3 Record 1 | . . . 1 Open Door 1 | . . . 1 Hauler Manifests 1 | . 1 . . Zone Layout 1 | . 1 . . Release Object 1 | . . . 1 Fabricator Hacks . | . . . . Repair Station Hacks . | . . . . Recycling Unit Hacks 1 | . 1 . . Retrieve Components 1 | . 1 . . Scanalyzer . | . . . . Garrison Access Hacks . | . . . . Unauthorized Hacks . | . . . . Terminals . | . . . . Fabricators . | . . . . Repair Stations . | . . . . Recycling Units . | . . . . Scanalyzers . | . . . . Garrison Access . | . . . . Data Cores Recovered . | . . . . Used . | . . . . Hacking Detections 1 | . 1 . . Full Trace Events . | . . . . Feedback Events . | . . . . Feedback Blocked . | . . . . Robot Schematics Acquired . | . . . . Robots Built . | . . . . Authchips . | . . . . Time . | . . . . Total Robot Build Rating . | . . . . Part Schematics Acquired . | . . . . Parts Built . | . . . . Authchips . | . . . . Time . | . . . . Total Part Build Rating . | . . . . Part Studies Acquired . | . . . . Parts Repaired . | . . . . Time . | . . . . Parts Recycled . | . . . . Recycled Matter . | . . . . Retrieved Matter . | . . . . Retrieved Components 2 | . 2 . . Parts Scanalyzed . | . . . . Part Schematics Acquired . | . . . . Parts Damaged . | . . . . Bothacking | -11 -10 -10 -10 ------------ Run | Yrd Mat Min Sub Used RIF Installer . | . . . . Robots Hacked . | . . . . Non-combat . | . . . . Combat . | . . . . Robot Hacks Applied . | . . . . Relay Couplers Released . | . . . . Fabnet Peak Effective % . | . . . . Robots Rewired . | . . . . Allies Hacked . | . . . . Hacks Repelled . | . . . . Allies | -11 -10 -10 -10 -------- Run | Yrd Mat Min Sub Total Allies 3 | . . 3 . Largest Group 3 | . . 3 3 Highest-Rated Group 40 | . . 40 40 Highest-Rated Ally 16 | . . 16 16 Total Orders . | . . . . Ally Attacks 14 | . . . 14 Total Damage 164 | . . . 164 Kills 3 | . . . 3 Allies Corrupted . | . . . . Allies Melted . | . . . . Intel | -11 -10 -10 -10 ------- Run | Yrd Mat Min Sub Active Infowar (turns) 624 | . 14 277 333 Sensors 14 | . 14 . . Terrain 610 | . . 277 333 Robot Analysis Total . | . . . . Derelict Logs Recovered 1 | . . . 1 Drone Launches . | . . . . Drone Recoveries . | . . . . Exploration | -11 -10 -10 -10 ------------- Run | Yrd Mat Min Sub Turns Passed 1301 | 32 245 645 379 Spaces Moved 1434 | 43 313 665 413 Core 432 | 43 313 18 58 Treads . | . . . . Legs . | . . . . Wheels . | . . . . Hover . | . . . . Flight 1002 | . . 647 355 Fastest Speed 37 | 50 50 37 37 Average Speed 44 | 50 50 37 52 Slowest Speed 150 | 50 50 50 150 Overloaded Moves . | . . . . Propulsion Burnouts . | . . . . Robots Hopped 5 | . . 5 . Potential Cave-ins . | . . . . Cave-ins Triggered . | . . . . Exploration Rate (%) 50 | 3 52 101 47 Regions Visited 3 Branch Regions 2 Pre-discovered Areas . | . . . . Known Exits Taken 3 | 1 1 1 . Unknown Exits Taken . | . . . . Scrap Searched 8 | . . . 8 Spaces Dug . | . . . . Terrain Destroyed . | . . . . Melee . | . . . . Projectile . | . . . . AOE . | . . . . Terrain Rammed . | . . . . Walls Destroyed . | . . . . Machines Disabled . | . . . . Actions | -11 -10 -10 -10 --------- Run | Yrd Mat Min Sub Total 2005 | 51 368 1046 540 Wait 477 | . 18 378 81 Move 1421 | 42 312 654 413 Hop 5 | . . 5 . Pick Up 12 | 6 3 . 3 Fast Attach 7 | . 3 2 2 Attach 9 | 2 3 2 2 Detach 2 | . 2 . . Swap 1 | . . . 1 Drop 9 | . 4 . 5 Fire 61 | 1 23 5 32 Melee . | . . . . Ram 1 | . . . 1 Kick . | . . . . Crush . | . . . . Escape Stasis . | . . . . Rewire . | . . . . Trap . | . . . . Miscellaneous . | . . . . Route ------- -11/Scrapyard -10/Materials (discovered 2 exits: *Mat / *Min) -10/Mines (discovered 3 exits: *Mat x2 / *Sub) -10/Subcaves (discovered 1 exit: *Mat) History --------- Turn | Location | Event 4 | -11/Scrapyard | Identified exit to Materials 4 | -11/Scrapyard | Discovered exit to Materials (range 15) 33 | -11/Scrapyard | Entered Materials 33 | -10/Materials | Evolved 1 slot: Utility x1 77 | -10/Materials | Identified exit to Materials 77 | -10/Materials | Discovered exit to Materials (range 15) 255 | -10/Materials | Identified exit to Mines 255 | -10/Materials | Discovered exit to Mines (range 8) 278 | -10/Materials | Entered Mines 323 | -10/Mines | Build established: Hacker-Mutant 333 | -10/Mines | Discovered exit to Materials (range 14) 337 | -10/Mines | Assisted by bots powering up and referring to "LRC-V3" 416 | -10/Mines | Discovered exit to Materials (range 9) 479 | -10/Mines | Received a Rocket Launcher from a helpful Derelict 836 | -10/Mines | Identified exit to Subcaves 836 | -10/Mines | Discovered exit to Subcaves (range 13) 923 | -10/Mines | Entered Subcaves 923 | -10/Subcaves | Accompanied by 3 allies 926 | -10/Subcaves | Identified exit to Materials 946 | -10/Subcaves | Disturbed a concealed Subdweller 1109 | -10/Subcaves | Core integrity fell below 50% 1265 | -10/Subcaves | Core integrity fell below 20% 1291 | -10/Subcaves | Lost 3 parts (1u2w) 1302 | -10/Subcaves | Destroyed by Y3-F0Z(R) with Subdweller Laser Last Messages --------------- 01119_ Y-45 Defender destroyed. 01121_ Acquired 52 matter. 01159_ Trooper 1b destroyed. 01169_ 7B-IWX(R) destroyed. 01170_ Acquired 6 matter. 01171_ Flight Unit destroyed. 01171_ Lgt. Ion Engine destroyed. 01174_ Acquired 3 matter. 01174_ 94-W7O(R) affixes Scrap Shield Fragment to Scrap Shield. 01176_ 94-W7O(R) destroyed. 01177_ Acquired 3 matter. 01251_ 9E-94D(R) destroyed. 01254_ Hvy. Battle Rifle destroyed. 01256_ Imp. Terrain Scanner destroyed. 01260_ Mining Laser destroyed. 01264_ Slammed into 51-4RN(R). 01265_ Acquired Sub. Beam Cannon. 01298_ 51-4RN(R) destroyed. 01300_ Acquired 2 matter. Map ----- +----------------------------------------------------+ | ?????????????????????????????????????????????????? | | ?????????????????????????????????????????????????? | | ?????????????????????????????????????????????????? | | ?????????????????????????????????????????????????? | | ?????????????????????????????????????????????????? | | ?????????????????????????????????????????????????? | | ?????????????????????????????????????????????????? | | ?????????????????????????????????????????????????? | | ?????????????????????????????????????????????????? | | ?????????????????????????????????????????????????? | | ?????????????????????????????????????????????????? | | ???????????????????????#?????????????????????????? | | ???????????????????????""????????????????????????? | | ???????????#???????#??? ""???????????????????????? | | ??????????????????????? ""???????????????????????? | | ?????????????????????#? "???????????????????????? | | ????????????????????#??# "???????????????????????? | | ????#??????????????????# "???????????????????????? | | ??????????????????????## ???????????????????????? | | ??????????????????????# #???????????????????????? | | #??#?#????????????????? ##??????????????????????? | | ?????#????????????????? ##?????????????????????? | | ???#??????????????????## #?##??????????????????? | | ????????#?#?????#?#???# ##""##?????????????????? | | ??????????????????????## = "" #?????????????????? | | ??????????????????????## @ #?????????????????? | | ???#???????????###?#### ## [% ??????????? | | ???????????##### ### #?? = ????????? | | ???????????# !## R ## # ?????????? | | ??????#????# !% #? #?? #???????????? | | ######?###### =% ##?###??? #???????????? | | ### ### ##??????????## ????????????? | | ### #; ##??????????????????????????? | | ## ## ##???????????????????????????? | | ### ## #????????????????????????????? | | ### ### ## # ######????????????????????????????? | | ??# #?########???????????? ????????????????????? | | ??# #?????????#?#?????? ???????????????????????? | | ??# ??????#???????????????????????????????????? | | ??# ##??????????????????????????????????????????? | | ??# #?????#??????????????????????????????????????? | | ??##??????#??????????????#???????????????????????? | | ??????????????????????#??????????????????????????? | | ???????????#??????##?????????????????????????????? | | ?????????????????????????????????????????????????? | | #????????????????????????????????????????????????? | | ??#??????????????????????????????????????????????? | | ?????????????????????????????????????????????????? | | ?????????????????????????????????????????????????? | | ?????????????????????????????????????????????????? | +----------------------------------------------------+ Best States ------------- Heat Dissipation 25 Energy Generation 10 Energy Capacity 125 Matter Stores 300 Matter Capacity 300 Sight Range 16 Robot Scan Range 14 Terrain Scan Range 16 Terrain Scan Density 10 Resistance: KI 35 Resistance: TH 35 Resistance: EX 35 Resistance: EM 35 Resistance: I 35 Resistance: S 35 Resistance: P 35 Evasion (%) 62 Targeting Accuracy 5 Offensive Hacking 20 Item Schematics ----------------- None Robot Schematics ------------------ None Fabricated ------------ Nothing Repaired ---------- Nothing Studied --------- None Alien Tech Used ----------------- None Achievements -------------- None Challenges ------------ None Game ------ Seed BombardmentScrapoidTrident Manual? 0 Play Time 00:12:11 Cumulative 174.5 hours Start 2025.12.08 @ 09:32:18 End 2025.12.08 @ 09:41:33 Sessions 1 Manual Loads 0 Difficulty Explorer Special Mode None Game No. 239 Rogue 0 Adventurer 0 Explorer 239 Win Type - Total 0 Types 0/0/0/0/0/0/0/0/0/0 Lore% 70 Gallery% 67 Achievement% 53 Wizard Run 0 Options --------- Layout 1 ASCII 0 Keyboard 0 Movement Mouse Keybinds 0 Fullscreen 1 Font 24/Smallcaps Map View 50x35 Zoom Use 0% Tactical HUD 1 Map Filters NONE Filters NONE Steam 1 RUN: 8aa0b9cd-5fdb-4c78-b654-de66c54e4f26